 Dungeon Crawl Stone Soup version 0.21-a0-51-gea492e9 (webtiles) character file.

10167 XxPooperXx the Cleaver (level 11, 0/101 HPs)
             Began as a Minotaur Berserker on June 12, 2017.
             Was the Champion of Trog.
             Succumbed to a spiny frog's poison
             ... on level 1 of the Lair of Beasts.
             The game lasted 00:15:41 (10716 turns).

XxPooperXx the Cleaver (Minotaur Berserker)        Turns: 10716, Time: 00:15:42

Health: 0/101      AC: 12    Str: 24    XL:     11   Next: 32%
Magic:  10/10      EV: 11    Int:  4    God:    Trog [******]
Gold:   547        SH:  0    Dex: 11    Spells: 10/10 levels left

rFire    . . .     SeeInvis .   a - +5 battleaxe
rCold    . . .     Gourm    .   (shield currently unavailable)
rNeg     . . .     Faith    +   r - +0 chain mail
rPois    .         Spirit   .   (helmet restricted)
rElec    .         Reflect  .   k - +0 cloak
rCorr    +         Harm     .   (no gloves)
MR       .....                  (no boots)
Stlth    ..........             h - amulet of faith
Regen    0.3/turn               y - ring of resist corrosion
MPRegen  0.2/turn               (no ring)

@: lethally poisoned (0 -> -17), berserk cooldown, slowed, drained, very slow
A: retaliatory headbutt, horns 2
a: Berserk, Trog's Hand, Brothers in Arms, Burn Spellbooks, Renounce Religion


You were on level 1 of the Lair of Beasts.
You worshipped Trog.
Trog was exalted by your worship.
You were near starving.

You visited 2 branches of the dungeon, and saw 9 of its levels.

You collected 547 gold pieces.

Inventory:

Hand Weapons
 a - a +5 battleaxe (weapon)
 b - a +0 whip of freezing
 D - a +5 antimagic broad axe
Missiles
 f - 4 javelins of returning
 m - 10 tomahawks (quivered)
Armour
 k - a +0 cloak (worn)
 r - a +0 chain mail (worn)
Jewellery
 h - an amulet of faith (around neck)
 u - a cursed -2 ring of strength {unknown}
 y - a ring of resist corrosion (left hand)
Wands
 t - a wand of acid (10/15)
 C - a wand of flame (34/48)
Scrolls
 d - 4 scrolls of identify
 e - 3 scrolls of magic mapping
 i - 7 scrolls of teleportation {unknown}
 j - a scroll of blinking {unknown}
 o - 3 scrolls of remove curse
 q - a scroll of enchant armour {unknown}
 B - a scroll of acquirement {unknown}
 E - a scroll of random uselessness {unknown}
 F - a scroll of fear {unknown}
Potions
 g - 2 potions of curing
 l - 2 potions of brilliance
 n - a potion of flight
 s - a potion of heal wounds {unknown}
 w - a potion of berserk rage {unknown}
 x - a potion of lignification {unknown}
 z - 3 potions of might {unknown}
 A - 3 potions of degeneration {unknown}
Comestibles
 c - 8 bread rations
 p - 3 royal jellies
 v - 6 meat rations
 H - 2 fruits


   Skills:
 + Level 10.4(9.7) Fighting
 * Level 14.6(14.0) Axes
 - Level 2.2(9.4) Maces & Flails
 + Level 8.7(8.1) Armour
 + Level 7.7(7.1) Dodging


You had 10 spell levels left.
You didn't know any spells.

Dungeon Overview and Level Annotations

Branches:
Dungeon (8/15)             Temple (0/1) D:4            Lair (1/6) D:8

Altars:
Dithmenos
Elyvilon
Gozag
Okawaru
Uskayaw
Xom
Yredelemnul


Innate Abilities, Weirdness & Mutations

You reflexively headbutt those who attack you in melee.
You have a pair of horns on your head.


Message History

You feel sick.
You slice the rat!!
You kill the rat!
Trog accepts your kill.
* * * LOW HITPOINT WARNING * * *
You feel sick.
You slice the quokka!!
You kill the quokka!
Trog accepts your kill.
* * * LOW HITPOINT WARNING * * *
You feel sick.
You swing at nothing.
* * * LOW HITPOINT WARNING * * *
You feel sick.
You swing at nothing.
You feel a strong urge to attack something.
You are no longer berserk.
You are exhausted.
You feel yourself slow down.
You die...

###### .....#
.......## .
......# # #r
......# #.####
.##†r.....
..#.##.#@#
#.#..##†# #...#)##
##### #.†/.##
....# #$#.#.#
....# #? #†#.#
....# #. ##..#.
....########.####.
..........##.##
##############


You could see a river rat.

Vanquished Creatures
  A two-headed ogre (D:4)
  Pikel (D:7)
  A wizard (D:8)
  An orc sorcerer (D:8)
  A manticore (D:8)
  Psyche (D:8)
  A spiny frog (Lair:1)
  A rime drake (Lair:1)
  Prince Ribbit (D:7)
  2 hippogriffs
  Eustachio (D:6)
  A basilisk (D:8)
  Grum (D:8)
  A hungry ghost (D:8)
  The ghost of Ijustatesigmund the Conjurer, an amateur OpWz (D:5)
  2 water moccasins
  2 orc warriors (D:7)
  4 porcupines
  A slave (D:7)
  4 black bears
  5 ogres
  A phantom (D:5)
  2 centaurs
  4 wolves
  4 crocodiles
  7 bullfrogs
  A gnoll sergeant (D:5)
  2 scorpions (D:8)
  5 killer bees
  6 wights
  2 howler monkeys
  2 vampire bats (D:5)
  3 crimson imps
  A centaur skeleton (D:8)
  9 orc priests
  A hound (D:7)
  7 jellies
  10 orc wizards
  Crazy Yiuf (D:7)
  2 bullfrog skeletons
  3 gnoll shamans
  6 worker ants
  3 iguanas
  6 hell rats (Lair:1)
  39 gnolls
  8 adders
  7 river rats (Lair:1)
  A shadow imp (D:5)
  An adder skeleton (D:5)
  4 worms
  5 leopard geckos
  30 orcs
  14 bats
  7 giant cockroaches
  4 goblins
  6 hobgoblins
  32 jackals
  4 quokkas
  4 ball pythons
  A ball python zombie (D:5)
  3 frilled lizards
  16 kobolds
  2 leopard gecko skeletons
  15 rats
325 creatures vanquished.

Vanquished Creatures (others)
  2 two-headed ogres (D:8)
  A sky beast (D:8)
  A centaur (D:7)
  A big kobold (D:8)
  A bullfrog (D:7)
  A crimson imp (D:8)
  A centaur zombie (D:8)
  A jelly (D:8)
  4 kobolds (D:8)
  A quokka (D:8)
  A quokka zombie (D:7)
  A fungus (D:8)
  A plant (D:8)
17 creatures vanquished.

Grand Total: 342 creatures vanquished

Notes
Turn   | Place    | Note
-------+----------+-------------------------------------------
     0 | D:1      | XxPooperXx the Minotaur Berserker began the quest for the Orb.
     0 | D:1      | Reached XP level 1. HP: 19/19 MP: 0/0
   120 | D:1      | Reached skill level 4 in Axes
   156 | D:1      | Reached XP level 2. HP: 26/26 MP: 1/1
   960 | D:2      | Reached skill level 5 in Axes
  1106 | D:2      | Reached XP level 3. HP: 29/31 MP: 2/2
  1182 | D:2      | Reached ** piety under Trog
  1996 | D:2      | Found a hide-covered altar of Uskayaw.
  1999 | D:2      | Noticed a hand axe
  2000 | D:2      | Noticed a hand axe
  2209 | D:3      | Reached XP level 4. HP: 39/39 MP: 3/3
  2216 | D:3      | Reached skill level 6 in Axes
  2266 | D:3      | Reached XP level 5. HP: 28/45 MP: 4/4
  2418 | D:3      | Found an iron altar of Okawaru.
  2423 | D:3      | Reached skill level 7 in Axes
  2581 | D:3      | Found a shadowy altar of Dithmenos.
  3104 | D:4      | Found a white marble altar of Elyvilon.
  3297 | D:4      | Found a staircase to the Ecumenical Temple.
  3419 | D:4      | Reached skill level 8 in Axes
  3426 | D:4      | Reached XP level 6. HP: 37/51 MP: 5/5
  3432 | D:4      | Reached *** piety under Trog
  3922 | D:4      | Reached skill level 9 in Axes
  4482 | D:4      | Noticed a two-headed ogre
  4492 | D:4      | Killed a two-headed ogre
  4492 | D:4      | Reached skill level 11 in Axes
  4492 | D:4      | Reached XP level 7. HP: 57/57 MP: 6/6
  4492 | D:4      | Reached XP level 8. HP: 64/64 MP: 7/7
  4599 | D:4      | Found a basalt altar of Yredelemnul.
  4718 | D:5      | Entered Level 5 of the Dungeon
  4718 | D:5      | Noticed Ijustatesigmund's ghost (amateur OpWz)
  4726 | D:5      | Killed Ijustatesigmund's ghost
  4726 | D:5      | Reached skill level 12 in Axes
  5046 | D:5      | Reached **** piety under Trog
  5167 | D:5      | Reached skill level 13 in Axes
  5813 | D:5      | Reached skill level 5 in Fighting
  5846 | D:5      | Reached ***** piety under Trog
  5848 | D:5      | Reached XP level 9. HP: 64/74 MP: 8/8
  6898 | D:6      | Noticed Eustachio
  6941 | D:6      | Killed Eustachio
  6941 | D:6      | Reached skill level 5 in Armour
  7458 | D:7      | Reached skill level 5 in Dodging
  7521 | D:7      | Reached skill level 1 in Maces & Flails
  7825 | D:7      | Noticed Pikel
  7830 | D:7      | Killed Pikel
  7830 | D:7      | Reached XP level 10. HP: 87/90 MP: 9/9
  8001 | D:7      | Noticed Prince Ribbit
  8003 | D:7      | Killed Prince Ribbit
  8161 | D:7      | Reached ****** piety under Trog
  8217 | D:7      | Found a runed door.
  8221 | D:7      | Noticed Crazy Yiuf
  8224 | D:7      | Killed Crazy Yiuf
  8429 | D:8      | Received a gift from Trog
  8437 | D:8      | Killed a two-headed ogre
  8440 | D:8      | Noticed Psyche
  8745 | D:8      | Killed Psyche
  8746 | D:8      | Found a staircase to the Lair.
  8990 | D:8      | Killed a two-headed ogre
  9203 | D:8      | Reached skill level 14 in Axes
  9211 | D:8      | Noticed a manticore
  9212 | D:8      | Found an opulent altar of Gozag.
  9220 | D:8      | Killed a manticore
  9398 | D:8      | Noticed Grum
  9411 | D:8      | Killed Grum
  9588 | D:8      | Reached XP level 11. HP: 99/99 MP: 10/10
  9625 | D:8      | Noticed a wizard
  9626 | D:8      | Noticed an orc sorcerer
  9639 | D:8      | Killed a wizard
  9639 | D:8      | Reached skill level 10 in Fighting
  9642 | D:8      | Killed an orc sorcerer
  9775 | D:8      | Found a shimmering altar of Xom.
 10094 | Lair:1   | Entered Level 1 of the Lair of Beasts
 10681 | Lair:1   | Received a gift from Trog
 10710 | Lair:1   | HP: 7/151 [poisoned by a spiny frog]
 10713 | Lair:1   | HP: 3/151 [poisoned by a spiny frog]
 10715 | Lair:1   | HP: 1/151 [poisoned by a spiny frog]
 10716 | Lair:1   | Succumbed to a spiny frog's poison

Vault maps used:
D:1:      tarquinn_simple_flora_water_a, serial_bayou, serial_bayou_shore_b,
          serial_bayou_lake_a, serial_bayou_lagoon_a, serial_bayou_pond_d,
          serial_bayou_pond_c, serial_bayou_lagoon_b, minivault_24
D:2:      dancing_weapons_uskayaw, kennysheep_generic_room_10
D:3:      nicolae_dithmenos_shadow_blocks, old_standard_altar,
          kennysheep_another_room
D:4:      kennysheep_ying_yang, minmay_temple_entry_glassed_door
D:5:      lemuel_castle_with_subvaults, first_bread,
          minmay_guarded_unrand_vampires_tooth
D:6:      uniq_eustachio
D:7:      uniq_pikel, uniq_prince_ribbit1, uniq_crazy_yiuf_cottage
D:8:      cheibrodos_wizards_tower, xom_confusion_cloud,
          minmay_lair_entry_grove, basic_altar, uniq_grum, uniq_psyche
Lair:1:   lemuel_ratsnest, st_stairs_13

Skill      XL: |  1  2  3  4  5  6  7  8  9 10 11 |
---------------+----------------------------------+-----
Axes           | 4 5 6 8 11 13 14 | 14.6
Fighting       | 5 8 9 10 | 10.4
Armour         | 3 6 8 |  8.7
Dodging        | 3 5 7 |  7.7
Maces & Flails | 1 2 |  2.2

Action                   |  1- 3 |  4- 6 |  7- 9 | 10-12 || total
-------------------------+-------+-------+-------+-------++-------
Melee: Hand axe          |   120 |   125 |   287 |       ||   532
       Headbutt          |    23 |    22 |    52 |    35 ||   132
       Battleaxe         |       |       |    28 |   132 ||   160
       Broad axe         |       |       |       |    82 ||    82
Throw: Javelin           |     2 |     3 |       |       ||     5
       Tomahawk          |       |     4 |     9 |       ||    13
Invok: Berserk           |       |     3 |     5 |     4 ||    12
  Use: Scroll            |       |     5 |       |       ||     5
       Potion            |       |     4 |       |       ||     4
 Stab: Sleeping          |     1 |       |       |       ||     1
  Eat: Chunk             |     4 |     9 |    15 |    13 ||    41
       Royal jelly       |       |       |     1 |       ||     1
Armor: Animal skin       |    20 |    12 |       |       ||    32
       Chain mail        |       |     3 |   154 |    93 ||   250
Dodge: Dodged            |    59 |    80 |   132 |   133 ||   404
